 Dungeon Crawl Stone Soup version 0.29.1-15-g9cfb28693d (webtiles) character file.

Game seed: 2999651981820162221

2709 LLlMATKO the Fighter (level 9, -8/123 HPs)
             Began as a Minotaur Berserker on Apr 3, 2023.
             Was a Priest of Trog.
             Mangled by Erica
             ... wielding a +1 scimitar of flaming
              (14 damage)
             ... on level 8 of the Dungeon on Apr 6, 2023.
             The game lasted 00:09:25 (8935 turns).

LLlMATKO the Fighter (Minotaur Berserker)           Turns: 8935, Time: 00:09:25

Health: -8/123     AC: 14    Str: 32    XL:     9   Next: 39%
Magic:  8/8        EV: 11    Int:  4    God:    Trog [***...]
Gold:   267        SH:  0    Dex: 10    Spells: 8/8 levels left

rFire   . . .      SeeInvis .   a - +0 hand axe
rCold   . . .      Faith    .   (no shield)
rNeg    . . .      Spirit   .   L - +0 chain mail
rPois   .          Reflect  .   q - +1 hat
rElec   .          Harm     .   (no cloak)
rCorr   .          Rampage  .   (no gloves)
Will    .....                   A - +1 pair of boots {Stlth+}
Stlth   ..........              (no amulet)
HPRegen 0.30/turn               N - +6 ring of strength
MPRegen 0.11/turn               (no ring)

@: berserking, lethally poisoned (-8 -> -9), very quick
A: horns 2, retaliatory headbutt
a: Renounce Religion, Berserk, Trog's Hand


You were on level 8 of the Dungeon.
You worshipped Trog.
Trog was most pleased with you.
You visited 1 branch of the dungeon, and saw 8 of its levels.

You collected 504 gold pieces.
You spent 237 gold pieces at shops.

Inventory:

Hand Weapons
 a - a +0 hand axe (weapon)
 M - the +12 glaive of Prune {vorpal}
   (You found it on level 6 of the Dungeon)

   It inflicts extra damage upon your enemies.
   It halves damage taken while paralysed, petrified or unconscious.
Missiles
 w - 2 javelins (quivered)
 z - 2 throwing nets
 C - 13 poisoned darts
 I - 2 curare-tipped darts
Armour
 c - the +0 cloak "Aluts" {rF+ rN++ Int-5}
   (You bought it in a shop on level 4 of the Dungeon)

   Int:       It affects your intelligence (-5).
   rF:        It protects you from fire.
   rN:        It greatly protects you from negative energy.
 q - a +1 hat (worn)
 A - a +1 pair of boots of stealth (worn)
 L - a +0 chain mail (worn)
Jewellery
 N - a +6 ring of strength (left hand)
Wands
 v - a wand of digging (3)
 D - a wand of acid (19)
 H - a wand of flame (15)
 K - a wand of roots (8)
Scrolls
 b - a scroll of fear {unknown}
 d - a scroll of poison {unknown}
 e - a scroll of enchant weapon {unknown}
 f - a scroll of torment {unknown}
 g - 2 scrolls of noise {unknown}
 h - 3 scrolls of enchant armour {unknown}
 i - a scroll of silence {unknown}
 k - 3 scrolls of teleportation {unknown}
 l - 2 scrolls of immolation {unknown}
 m - 2 scrolls of vulnerability {unknown}
 p - 5 scrolls of amnesia {unknown}
 t - 2 scrolls of brand weapon {unknown}
 x - a scroll of magic mapping {unknown}
 y - 4 scrolls of identify {unknown}
 F - a scroll of blinking {unknown}
Potions
 j - 2 potions of flight {unknown}
 n - 2 potions of attraction {unknown}
 o - 3 potions of degeneration {unknown}
 r - 2 potions of curing {unknown}
 s - 2 potions of ambrosia {unknown}
 u - a potion of experience {unknown}
 B - 2 potions of heal wounds {unknown}
 E - 2 potions of haste {unknown}
 G - a potion of resistance {unknown}
 J - 3 potions of mutation {unknown}


   Skills:
 + Level 8.6 Fighting
 + Level 8.6 Axes
 + Level 8.1 Armour
 + Level 7.3 Dodging


You had 8 spell levels left.
You didn't know any spells.
Your spell library was empty.

Dungeon Overview and Level Annotations

Branches:
Dungeon (8/15)             Temple (0/1) D:6
   Lair: D:8-11

Altars:
Fedhas
Okawaru
Xom
Yredelemnul
Lugonu

Shops:
D:4 [[::[

Portals:
Abyss: D:3

Annotations:
D:8 Erica


Innate Abilities, Weirdness & Mutations

You have a pair of horns on your head.
You reflexively headbutt those who attack you in melee.


Message History

No target in view!
Something hits you! Something burns you.
You closely miss something. Something hits you. Something burns you.
You hit something. You miss something. You headbutt something!
You hear some strange, mumbled words.
A bolt of poison appears from out of thin air!
The bolt of poison hits you!!
You are poisoned.
You barely miss something. You headbutt something!!
You feel very sick. Something hits you. Something burns you.
You completely miss something. Your headbutt misses something.
You feel sick. Something hits you but does no damage.
You miss something.
You feel sick. Something hits you!
* * * LOW HITPOINT WARNING * * *
Something burns you.
* * * LOW HITPOINT WARNING * * *
You closely miss something. You headbutt something!
You feel sick. Something hits you but does no damage.
A red film seems to cover your vision as you go berserk!
You feel yourself moving faster!
You feel mighty!
You feel sick. Something hits you.
* * * LOW HITPOINT WARNING * * *
Something burns you.
* * * LOW HITPOINT WARNING * * *
You slash something!
You feel sick.
You barely miss something.
You feel sick. Something hits you but does no damage.
You barely miss something. You slash something!
You feel sick.
You hear some strange, mumbled words.
Something tries to affect you, but you resist.
You closely miss something. Something hits you!
* * * LOW HITPOINT WARNING * * *
Something burns you.
* * * LOW HITPOINT WARNING * * *
You miss something.
You feel sick.
You barely miss something.
You feel sick. Something hits you!
You die...

#...........####.
#...........#.....
###................#
...................#
.....##...........#
...## ###.........#
..# #.........# .#
#<........##
#..#..@{.$.#
##.#####....# #..#
##..# #.## ..# ##.#
#.. #.## # ###


There were no monsters in sight!

Vanquished Creatures
  Maggie (D:8)
  The ghost of gargbit the Trooper, an amateur DsHu (D:3)
  A steam dragon (D:7)
  A water moccasin (D:6)
  A sky beast (D:8)
  3 ogres
  A kobold brigand (D:8)
  A necrophage (D:7)
  2 bullfrogs
  8 scorpions
  4 wights (D:7)
  2 jellies
  A gnoll bouda (D:6)
  2 orc priests
  5 hounds
  4 iguanas
  An orc wizard (D:4)
  12 gnolls
  7 adders
  A shadow imp (D:5)
  3 white imps
  An ufetubus (D:4)
  4 worms
  5 dart slugs
  19 orcs
  7 bats
  10 endoplasms
  4 giant cockroaches
  7 goblins
  4 hobgoblins
  3 jackals (D:3)
  17 kobolds
  4 quokkas
  3 ball pythons
  3 frilled lizards
  3 rats
156 creatures vanquished.

Vanquished Creatures (others)
  2 orc wizards (D:7)
  An orc (D:7)
  A fungus (D:2)
4 creatures vanquished.

Grand Total: 160 creatures vanquished

Notes
Turn   | Place    | Note
-------+----------+-------------------------------------------
     0 | D:1      | LLlMATKO the Minotaur Berserker began the quest for the
                  | Orb.
     0 | D:1      | Reached XP level 1. HP: 19/19 MP: 0/0
   312 | D:1      | Reached XP level 2. HP: 27/27 MP: 1/1
  1034 | D:2      | Reached XP level 3. HP: 29/33 MP: 2/2
  1037 | D:2      | Reached ** piety under Trog
  1638 | D:2      | Found a faded altar of an unknown god.
  1805 | D:3      | Found a large runed translucent door.
  1805 | D:3      | Found a corrupted altar of Lugonu.
  1805 | D:3      | Found a large runed translucent door.
  1863 | D:3      | Reached XP level 4. HP: 41/41 MP: 3/3
  1912 | D:3      | Found a runed translucent gate.
  1913 | D:3      | Found a runed translucent gate.
  1916 | D:3      | Found a runed translucent gate.
  1917 | D:3      | Noticed gargbit's ghost (amateur DsHu)
  1963 | D:3      | You fall into a shaft and drop 3 floors!
  2064 | D:6      | Reached XP level 5. HP: 21/47 MP: 4/4
  2375 | D:6      | Noticed a water moccasin
  2391 | D:6      | Killed a water moccasin
  2392 | D:6      | Reached skill level 5 in Fighting
  2392 | D:6      | Reached skill level 5 in Axes
  2392 | D:6      | Reached XP level 6. HP: 24/56 MP: 5/5
  2878 | D:6      | Found a staircase to the Ecumenical Temple.
  2882 | D:5      | Entered Level 5 of the Dungeon
  3146 | D:5      | Reached XP level 7. HP: 59/62 MP: 6/6
  3184 | D:5      | Found a basalt altar of Yredelemnul.
  3213 | D:5      | Reached skill level 5 in Armour
  3301 | D:4      | Found Uleonwid's Armour Boutique.
  3302 | D:4      | Found Okhliam's Antique Armour Boutique.
  3312 | D:3      | Found a one-way gate to the infinite horrors of the Abyss.
  3422 | D:3      | Reached *** piety under Trog
  3779 | D:3      | Reached skill level 5 in Dodging
  3884 | D:3      | Killed gargbit's ghost
  4080 | D:4      | Reached XP level 8. HP: 39/71 MP: 7/7
  5109 | D:4      | Found Vacuodoe's Book Emporium.
  5170 | D:4      | Found Fielos's Antique Armour Emporium.
  5282 | D:4      | Found Esemn's Book Emporium.
  6554 | D:4      | Bought a faintly humming cloak for 237 gold pieces
  6554 | D:4      | Identified the +0 cloak "Aluts" {rF+ rN++ Int-5} (You
                  | bought it in a shop on level 4 of the Dungeon)
  6763 | D:6      | Found a shimmering altar of Xom.
  6840 | D:6      | Found the +12 glaive of Prune {vorpal}
  7165 | D:6      | Found a blossoming altar of Fedhas.
  8031 | D:7      | Found an iron altar of Okawaru.
  8163 | D:7      | Reached XP level 9. HP: 75/81 MP: 8/8
  8730 | D:8      | Noticed Maggie
  8750 | D:8      | Killed Maggie
  8917 | D:8      | Noticed Erica
  8935 | D:8      | HP: 6/123 [poisoned by Erica (bolt of poison)]
  8935 | D:8      | Mangled by Erica

Illustrated notes

Levels and vault maps discovered:
D:1:      scummos_arrival_gate, layout_basic
D:2:      layout_basic, shapermc_ecumenical_altar_ellora, st_stairs_9, hex_large
D:3:      due_chaos_kobolds, layout_loops_ring, ebering_ghost_rock_garden
D:4:      kennysheep_big_flooded_room, layout_basic, serial_shops,
          nicolae_lakefront_shop, nicolae_shop_statue_plus,
          kennysheep_little_box, nicolae_shop_competitors_out_of_business,
          shop_statue, dreamdust_gnoll_farm
D:5:      layout_rooms, mainiacjoe_overflow_alcove_4, nicolae_titane
D:6:      layout_basic, nicolae_overflow_crystal_walls, amcnicky_altar_gilded,
          minmay_temple_entry_waves, kennysheep_small_square
D:7:      layout_gridville, kennysheep_mini
D:8:      layout_layer_cave, uniq_erica, uniq_maggie, uniq_maurice,
          uniq_gastronok

Skill      XL: |  1  2  3  4  5  6  7  8  9 |
---------------+----------------------------+-----
Fighting       | 4 5 6 7 8 |  8.6
Axes           | 4 5 6 8 |  8.6
Armour         | 3 4 6 7 8 |  8.1
Dodging        | 3 4 5 6 7 |  7.3

Action                   |  1- 3 |  4- 6 |  7- 9 || total
-------------------------+-------+-------+-------++-------
Melee: Hand axe          |    74 |    82 |   315 ||   471
       Headbutt          |    12 |    15 |    58 ||    85
       Punch             |       |     1 |     1 ||     2
Invok: Berserk           |       |     2 |     8 ||    10
       Trog's Hand       |       |       |     1 ||     1
 Stab: Sleeping          |       |       |     1 ||     1
Armor: Ring mail         |    26 |    21 |    87 ||   134
       Chain mail        |       |       |    53 ||    53
Dodge: Dodged            |    46 |    46 |   174 ||   266
